 Dungeon Crawl Stone Soup version 0.27-a0-333-gfa571bf19a (webtiles) character file.

Game seed: 16426987146023819750

256 Glundar the Firebug (level 6, -3/34 HPs)
             Began as a Gargoyle Fire Elementalist on Feb 12, 2021.
             Slain by an orc wizard
             ... wielding a +0 hand axe
              (5 damage)
             ... on level 3 of the Dungeon.
             The game lasted 00:11:45 (3856 turns).

Glundar the Firebug (Gargoyle Fire Elementalist)    Turns: 3856, Time: 00:11:46

Health: -3/34      AC:  7    Str: 11    XL:     6   Next: 15%
Magic:  5/10       EV: 12    Int: 18    God:
Gold:   94         SH:  0    Dex: 10    Spells: 10/11 levels left

rFire    . . .     SeeInvis .   c - +0 whip
rCold    . . .     Faith    .   (no shield)
rNeg     + . .     Spirit   .   a - +0 robe
rPois    ∞         Reflect  .   (no helmet)
rElec    +         Harm     .   (no cloak)
rCorr    .         Rampage  .   (no gloves)
Will     .....                  k - +0 pair of boots
Stlth    +.........             (no amulet)
HPRegen  0.11/turn              (no ring)
MPRegen  0.12/turn              (no ring)

@: confused, very slightly contaminated
A: negative energy resistance 1, electricity resistance, unbreathing,
petrification resistance, miasma immunity, AC +4
a: no special abilities


You were on level 3 of the Dungeon.
You visited 1 branch of the dungeon, and saw 3 of its levels.
You also visited: Sewer.

You collected 94 gold pieces.

Inventory:

Hand Weapons
 c - a +0 whip (weapon)
Armour
 a - a +0 robe (worn)
 k - a +0 pair of boots (worn)
Jewellery
 b - a +6 ring of dexterity {unknown}
 h - a ring of willpower {unknown}
Scrolls
 e - 2 scrolls of teleportation {unknown}
 f - 3 scrolls of identify {unknown}
 j - a scroll of enchant armour {unknown}
 m - a scroll of magic mapping {unknown}
Potions
 d - 3 potions of flight {unknown}
 g - a potion of curing
 i - 2 potions of might {unknown}
 l - a potion of heal wounds {unknown}


   Skills:
 + Level 1.2 Fighting
 + Level 1.1 Maces & Flails
 + Level 2.2 Dodging
 + Level 3.0 Stealth
 + Level 3.2 Spellcasting
 + Level 2.8 Conjurations
 + Level 4.2 Fire Magic


You had 10 spell levels left.
You knew the following spells:

 Your Spells              Type           Power        Failure   Level
a - Foxfire               Conj/Fire      60%          3%          1

Your spell library contained the following spells:

 Spells                   Type           Power        Failure   Level
 Conjure Flame            Conj/Fire      15%          11%         3
 Inner Flame              Hex/Fire       10%          21%         3
 Sticky Flame             Conj/Fire      15%          36%         4
 Fireball                 Conj/Fire      7%           71%         5


Dungeon Overview and Level Annotations

Branches:
Dungeon (3/15)              Sewer (visited)

Altars:
Hepliaklqana
Nemelex Xobeh
Trog
Wu Jian
Xom


Innate Abilities, Weirdness & Mutations

You are resistant to torment.
Your stone body is resilient. (AC +4)
You are immune to poison.
You resist negative energy. (rN+)
You are resistant to electric shocks. (rElec)
You can survive without breathing.
You are immune to petrification.
You are immune to miasma.


Message History

Confirm with . or Enter, or press ? or * to list all spells.
You conjure some foxfire!
The foxfire hits the orc wizard.
The orc wizard is lightly wounded.
An orc priest comes into view. It is wielding a +0 mace.
Casting: Foxfire (safe; 3% risk of failure)
Confirm with . or Enter, or press ? or * to list all spells.
Nothing appears to happen.
The foxfire hits the orc wizard but does no damage.
The orc wizard is lightly wounded.
The orc priest calls upon Beogh to heal the orc wizard.
The orc wizard's wounds heal themselves!
The orc wizard hits you but does no damage.
You hear a shout!
Casting: Foxfire (safe; 3% risk of failure)
Confirm with . or Enter, or press ? or * to list all spells.
You conjure some foxfire!
The orc priest invokes the aid of Beogh against you.
Beogh smites you!
You closely miss the orc wizard.
The foxfire hits the orc wizard.
The orc wizard is moderately wounded.
The orc wizard hits you with a +0 hand axe.
Casting: Foxfire (safe; 3% risk of failure)
Confirm with . or Enter, or press ? or * to list all spells.
You miscast Foxfire.
You are very lightly contaminated with residual magic.
Nothing appears to happen.
The orc wizard points at you and mumbles some strange words.
The puff of flame hits you!
* * * LOW HITPOINT WARNING * * *
The orc wizard casts a spell at you. The puff of flame hits you!
* * * LOW HITPOINT WARNING * * *
The orc wizard gestures at you while chanting.
You are confused.
You bump into the rock wall.
You bump into the rock wall.
The orc wizard closely misses you.
The orc priest casts a cantrip, but nothing happens.
You bump into the rock wall.
The orc wizard hits you with a +0 hand axe.
You die...

###. ########.#
##...#### #. #.#
#.....<.. #. #.#
##...#### #. #.#
##.## #########.# #.#
........#.######.####
#######........†....#
########.######.##.#
. #### #ooo@....#
#.##.# . .. ..#
#.######## #...[# #
#.# ###.###)# ###..#
# #.# #......o.##
#..# #
#.###.....###.######
#..# # #.........#
... ..# #..# ###.#
#.....###.# #.###
#..## .##.#
#........#####...#
#.... ....#
###.###..........#
##.##


You could see an orc priest, an orc wizard and an orc.

Vanquished Creatures
  A kobold brigand (Sewer)
  Jessica (D:2)
  3 gnolls (D:2)
  A river rat (Sewer)
  5 adders
  4 worms
  4 dart slugs
  A leopard gecko (D:3)
  An orc (D:3)
  2 ball pythons (D:2)
  5 giant cockroaches
  5 goblins
  4 hobgoblins
  2 jackals (Sewer)
  A quokka (D:3)
  5 bats
  5 kobolds
  16 rats
66 creatures vanquished.

Vanquished Creatures (others)
  208 foxfires
208 creatures vanquished.

Grand Total: 274 creatures vanquished

Notes
Turn   | Place    | Note
-------+----------+-------------------------------------------
     0 | D:1      | Glundar the Gargoyle Fire Elementalist began the quest for
                  | the Orb.
     0 | D:1      | Reached XP level 1. HP: 10/10 MP: 3/3
   369 | D:1      | Reached XP level 2. HP: 9/15 MP: 0/5
  1196 | D:2      | Reached XP level 3. HP: 15/19 MP: 2/6
  1693 | D:2      | Found an ornate altar of the Wu Jian Council.
  1694 | D:2      | Found a shimmering altar of Xom.
  1695 | D:2      | Found a hazy altar of Hepliaklqana.
  1695 | D:2      | Found a sparkling altar of Nemelex Xobeh.
  1854 | D:2      | Reached XP level 4. HP: 24/24 MP: 5/7
  2520 | D:2      | Reached skill level 4 in Fire Magic
  2691 | D:2      | Noticed Jessica
  2695 | D:2      | Killed Jessica
  2696 | D:2      | Reached XP level 5. HP: 28/28 MP: 6/9
  2748 | D:2      | Found a bloodstained altar of Trog.
  3070 | D:3      | Found a glowing drain.
  3079 | Sewer    | Entered a sewer
  3096 | Sewer    | HP: 1/28 [river rat (5)]
  3389 | Sewer    | Noticed a kobold brigand
  3397 | Sewer    | Killed a kobold brigand
  3398 | Sewer    | Reached skill level 1 in Fighting
  3398 | Sewer    | Reached skill level 1 in Maces & Flails
  3398 | Sewer    | Reached XP level 6. HP: 34/34 MP: 3/10
  3486 | Sewer    | Found a white marble altar of Elyvilon.
  3851 | D:3      | HP: 1/34 [orc wizard/puff of flame (8)]
  3856 | D:3      | Slain by an orc wizard

Illustrated notes

Levels and vault maps discovered:
D:1:      psy_arrival_fountain, layout_basic, amethyst_killhole
D:2:      layout_loops_ring, marbit_many_paths,
          chequers_temple_overflow_statue_of_worship, uniq_jessica
D:3:      layout_loops_ring, portal_sewer_entry_b

Skill      XL: |  1  2  3  4  5 |
---------------+----------------+-----
Conjurations   | 2 |  2.8
Fire Magic     | 4 |  4.2
Spellcasting   | 3 |  3.2
Dodging        | 2 |  2.2
Fighting       | 1 |  1.2
Maces & Flails | 1 |  1.1
Stealth        | 3 |  3.0

Action                   |  1- 3 |  4- 6 || total
-------------------------+-------+-------++-------
Melee: Unarmed           |    14 |       ||    14
       Flail             |       |    39 ||    39
       Whip              |       |     1 ||     1
 Cast: Foxfire           |    53 |    95 ||   148
  Use: Potion            |       |     2 ||     2
Armor: Robe              |    19 |    41 ||    60
Dodge: Dodged            |    25 |    74 ||    99

Table legend: (Time is in decaauts)
 A = Elapsed time spent in this place.
 B = Non-inter-level travel time spent in this place.
 C = Inter-level travel time spent in this place.
 D = Time resting spent in this place.
 E = Time spent auto-exploring this place.
 F = Levels seen in this place.
 G = Mean time per level.
                   A        B        C        D        E       F      G
               +--------+--------+--------+--------+--------+-----+--------+
         Total |   3924 |   3745 |    179 |   1404 |   1561 |   4 |  981.0 |
       Dungeon |   3350 |   3171 |    179 |   1109 |   1460 |   3 | 1116.7 |
         Sewer |    574 |    574 |      0 |    295 |    101 |   1 |  574.0 |
               +--------+--------+--------+--------+--------+-----+--------+

Top non-repeatable levels by time:
     D:2: 1519 daAuts
     D:1: 1311 daAuts
   Sewer: 574 daAuts
     D:3: 519 daAuts
